 Dungeon Crawl Stone Soup version 0.26.0-10-g1f06aea511 (webtiles) character file.

Game seed: 14078329236321599168

63 inc the Scratcher (level 3, 14/14 HPs)
             Began as a Felid Enchanter on Feb 1, 2021.
             Quit the game on level 3 of the Dungeon.
             The game lasted 00:04:51 (3921 turns).

inc the Scratcher (Felid Enchanter)                 Turns: 3921, Time: 00:04:52

Health: 14/14      AC:  1    Str:  4    XL:     3   Next: 89%
Magic:  7/7        EV: 18    Int: 16    God:
Gold:   93         SH:  0    Dex: 17    Spells: 3/6 levels left
                                        Lives:  0   Deaths: 1

rFire    . . .     SeeInvis +     - Unarmed
rCold    . . .     Faith    .   (shield unavailable)
rNeg     . . .     Spirit   .   (armour unavailable)
rPois    .         Reflect  .   (helmet unavailable)
rElec    .         Harm     .   (cloak unavailable)
rCorr    .         Rampage  .   (gloves unavailable)
Will     .....                  (boots unavailable)
Stlth    +++.......             (no amulet)
HPRegen  0.04/turn              (no ring)
MPRegen  0.10/turn              (no ring)

@: quick
A: very small, no armour, no weapons or thrown items, stealth, claws 1, fangs 3,
see invisible, speed 1, shaggy fur 1, sharp paws
a: no special abilities


You were on level 3 of the Dungeon.
You visited 1 branch of the dungeon, and saw 3 of its levels.

You collected 93 gold pieces.

Inventory:

Scrolls
 a - 7 scrolls of identify {unknown}
 c - 2 scrolls of magic mapping {unknown}
 e - a scroll of enchant weapon {unknown}
 f - a scroll of random uselessness {unknown}
Potions
 b - a potion of berserk rage {unknown}
 d - a potion of curing {unknown}
 g - a potion of mutation {unknown}
 h - a potion of degeneration {unknown}


   Skills:
 - Level 2.6 Dodging
 - Level 4.0 Stealth
 + Level 4.8 Unarmed Combat
 - Level 2.0 Spellcasting
 - Level 4.4 Hexes


You had 3 spell levels left.
You knew the following spells:

 Your Spells              Type           Power        Failure   Level
a - Corona                Hex            16%          3%          1
b - Ensorcelled Hibernat  Hex/Ice        16%          13%         2

Your spell library contained the following spells:

 Spells                   Type           Power        Failure   Level
 Confusing Touch          Hex            15%          11%         3
 Tukima's Dance           Hex            15%          11%         3
 Dazzling Flash           Conj/Hex       16%          26%         3


Dungeon Overview and Level Annotations

Branches:
Dungeon (3/15)

Altars:
Trog


Innate Abilities, Weirdness & Mutations

You cannot wear armour.
You are incapable of wielding weapons or throwing items.
Your paws allow you to move quietly. (Stealth)
You have sharp claws.
You have razor-sharp teeth.
You have supernaturally acute eyesight. (SInv)
You cover ground quickly.
You are covered in fur. (AC +1)
Your sharp claws are effective at attacking unaware monsters.


Message History

The gnoll sergeant is severely wounded.
The gnoll sergeant completely misses you.
You scratch the gnoll sergeant.
The gnoll sergeant is almost dead.
The gnoll sergeant barely misses you. The gnoll hits you but does no damage.
You scratch the gnoll sergeant but do no damage.
The gnoll sergeant is almost dead.
The gnoll sergeant hits you with a +0 spear.
The gnoll closely misses you.
You scratch the gnoll sergeant.
The gnoll sergeant is almost dead.
The gnoll sergeant hits you with a +0 spear.
The gnoll hits you from afar with a +0 spear!
You die...
You are now level 3!
You rejoin the land of the living...
A rat is nearby!
A rat is nearby!
A rat is nearby!
Are you sure you want to abandon this character and quit the game? (Confirm with "yes".)

.. ....#######
..........# ....####.##
#......#.# #........#
#########
.r.......###.......#####
#......@..##.......##..)
.####.#.#.##.......##†##
...#.#.##.......##g#
.....#.#......g....g.#
#####.#.#..#÷......####
....#..#g..#####
[................
#.###...######.## #.#.#


You could see a rat (wandering).

Vanquished Creatures
  Terence (D:2)
  Robin (D:2)
  An adder (D:2)
  2 gnolls
  2 dart slugs
  3 giant cockroaches
  16 goblins
  8 hobgoblins
  3 jackals
  A quokka (D:2)
  A ball python (D:1)
  9 bats
  3 frilled lizards
  5 kobolds (D:1)
  4 rats
60 creatures vanquished.

Notes
Turn   | Place    | Note
-------+----------+-------------------------------------------
     0 | D:1      | inc the Felid Enchanter began the quest for the Orb.
     0 | D:1      | Reached XP level 1. HP: 7/7 MP: 4/4
   247 | D:1      | Reached XP level 2. HP: 10/11 MP: 6/6
   788 | D:2      | Learned a level 2 spell: Ensorcelled Hibernation
   990 | D:2      | Noticed Robin
  1302 | D:1      | Reached XP level 3. HP: 14/14 MP: 1/7
  2356 | D:2      | Noticed Terence
  2361 | D:2      | Found a bloodstained altar of Trog.
  2367 | D:2      | Killed Terence
  2368 | D:2      | Reached XP level 4. HP: 16/18 MP: 1/8
  3191 | D:2      | Killed Robin
  3893 | D:3      | Noticed a gnoll sergeant
  3913 | D:3      | Slain by a gnoll
  3914 | D:3      | Reached XP level 3. HP: -1/14 MP: 4/7
  3921 | D:3      | Quit the game

Illustrated notes

Levels and vault maps discovered:
D:1:      mainiacjoe_arrival_reflecting_pool, layout_rooms, serial_glass,
          glass_columns_c, glass_columns_b
D:2:      layout_loops_ring, lemuel_coloured_pillars_altar, uniq_robin,
          uniq_terence
D:3:      layout_basic

Skill      XL: |  1  2  3 |
---------------+----------+-----
Unarmed Combat | 2 3 4 |  4.8
Dodging        | |  2.6
Stealth        | |  4.0
Spellcasting   | |  2.0
Hexes          | |  4.4

Action                   |  1- 3 |  4- 6 || total
-------------------------+-------+-------++-------
Melee: Unarmed           |    96 |    39 ||   135
       Bite              |     7 |     2 ||     9
       Punch             |       |     1 ||     1
 Cast: Ensorcelled Hiber |    28 |    28 ||    56
       Corona            |     2 |       ||     2
 Stab: Sleeping          |    23 |    14 ||    37
Armor: Skin              |    11 |       ||    11
Dodge: Dodged            |    92 |    48 ||   140
